 Dungeon Crawl Stone Soup version 0.28.0-45-g0d030f2227 (webtiles) character file.

Game seed: 16562349518757812691

68 101zpm the Magician (level 4, -6/31 HPs)
             Began as a Djinni Ice Elementalist on Apr 17, 2022.
             Killed by miscasting Hailstorm (11 damage)
             ... on level 2 of the Dungeon.
             The game lasted 00:03:33 (2069 turns).

101zpm the Magician (Djinni Ice Elementalist)       Turns: 2069, Time: 00:03:34

Health: -6/31      AC:  8    Str:  7    XL:     4   Next: 41%
Gold:   58         EV: 12    Int: 19    God:
                   SH:  0    Dex: 13

rFire   + + .      SeeInvis .   (no weapon)
rCold   x . .      Faith    .   (no shield)
rNeg    . . .      Spirit   .   a - +0 robe
rPois   ∞          Reflect  .   (helmet currently unavailable)
rElec   .          Harm     .   (no cloak)
rCorr   .          Rampage  .   (no gloves)
Will    .....                   (boots unavailable)
Stlth   ++........              (no amulet)
HPRegen 0.10/turn               (no ring)
MPRegen 0.00/turn               (no ring)

@: ice-armoured, appendages, freezing walls, flying, very slightly contaminated
A: horns 2, flying, sickness immunity, fire resistance 2, cold vulnerability 1,
float, innate caster, HP casting, extra vitality 1
a: End Transformation


You were on level 2 of the Dungeon.
You had temporarily grown beastly horns.
You visited 1 branch of the dungeon, and saw 2 of its levels.

You collected 58 gold pieces.

Inventory:

Missiles
 h - 17 sling bullets
Armour
 a - a +0 robe (worn)
Scrolls
 b - a scroll of identify {unknown}
 d - 2 scrolls of fear {unknown}
 e - a scroll of vulnerability {unknown}
Potions
 c - a potion of resistance {unknown}
 f - 2 potions of mutation {unknown}
 g - a potion of curing {unknown}


   Skills:
 + Level 0.2 Fighting
 + Level 2.3 Dodging
 + Level 1.5 Stealth
 + Level 0.1 Unarmed Combat
 + Level 4.3 Spellcasting


You couldn't memorise any spells.
You knew the following spells:

 Your Spells              Type           Power      Damage    Failure   Level
a - Freeze                Ice            80%        1d9       2%          1
b - Frozen Ramparts       Ice            40%        1d6       7%          3
c - Ozocubu's Armour      Ice            20%        N/A       7%          3
d - Hailstorm             Conj/Ice       20%        3d6       22%         4
e - Beastly Appendage     Tmut           40%        N/A       2%          1
Your spell library was empty.

Dungeon Overview and Level Annotations

Branches:
Dungeon (2/15)

Altars:

Annotations:
D:2 Sigmund


Innate Abilities, Weirdness & Mutations

You have temporarily grown beastly horns.
You are flying.
You are immune to sickness and miasma.
You are immune to poison.
Your flesh is very heat resistant. (rF++)
You are vulnerable to cold. (rC-)
You float through the air rather than walking.
You learn spells naturally, not from books.
Your magical power is your life essence.
You have superior vitality. (+4 MHP)


Message History

Confirm with . or Enter, or press ? or * to list all spells.
You grow a pair of large bovine horns.
The wall freezes Sigmund.
Sigmund closely misses you.
A jackal comes into view.
Casting: Beastly Appendage (safe; 2% risk of failure)
Confirm with . or Enter, or press ? or * to list all spells.
The spell is extremely dangerous to miscast (22% risk of failure)!
Continue anyway?
Casting: Hailstorm (extremely dangerous; 22% risk of failure)
Press: ? - help, Dir - look around, f - activate A cannonade of hail descends around you!
The hail pelts Sigmund!
Sigmund is severely wounded.
The hail pelts the jackal!
You kill the jackal!
The hail pelts the kobold.
You kill the kobold!
The jackal barks!
A gnoll comes into view. It is wielding a +0 club.
Casting: Hailstorm (extremely dangerous; 22% risk of failure)
Confirm with . or Enter, or press ? or * to list all spells.
Okay, then.
Casting: Hailstorm (extremely dangerous; 22% risk of failure)
Confirm with . or Enter, or press ? or * to list all spells.
The spell is extremely dangerous to miscast (22% risk of failure)!
Continue anyway?
Casting: Hailstorm (extremely dangerous; 22% risk of failure)
Press: ? - help, Dir - look around, f - activate You miscast Hailstorm.
You are very lightly contaminated with residual magic.
Nothing appears to happen.
The gnoll shouts!
The wall freezes the jackal.
The wall freezes Sigmund.
Sigmund hits you from afar with a +0 scythe of protection.
* * * LOW HITPOINT WARNING * * *
Casting: Hailstorm (extremely dangerous; 22% risk of failure)
Confirm with . or Enter, or press ? or * to list all spells.
The spell is extremely dangerous to miscast (22% risk of failure)!
Continue anyway?
Casting: Hailstorm (extremely dangerous; 22% risk of failure)
Press: ? - help, Dir - look around, f - activate You miscast Hailstorm.
Strange energies run through your body!
You die...

... #.# ##.#. #. #..
#.###..#. #.
#...#.##..##. ##.
#..#.##..... ..###
#.....#..### .
##...#######.....###
...##..#..##............
.Jh..).?...............#
#g@h@...##...###.....
#.#####..#..#####...#
#.......)...######
#..............#
#.........†.....#
#...............#
#...............#
#...............#
#...............#


You could see Sigmund, a gnoll, an endoplasm and 2 jackals.

Vanquished Creatures
  3 adders (D:2)
  An endoplasm (D:1)
  2 giant cockroaches
  3 goblins (D:1)
  A hobgoblin (D:1)
  2 jackals (D:2)
  3 quokkas
  3 ball pythons (D:1)
  5 bats
  4 frilled lizards
  6 kobolds
  11 rats
44 creatures vanquished.

Vanquished Creatures (others)
  2 plants (D:1)
2 creatures vanquished.

Grand Total: 46 creatures vanquished

Notes
Turn   | Place    | Note
-------+----------+-------------------------------------------
     0 | D:1      | 101zpm the Djinni Ice Elementalist began the quest for the
                  | Orb.
     0 | D:1      | Reached XP level 1. HP: 15/15 MP: 0/0
     1 | D:1      | Noticed an electric eel
   367 | D:1      | Reached XP level 2. HP: 18/21 MP: 0/0
   974 | D:1      | Reached XP level 3. HP: 22/25 MP: 0/0
   974 | D:1      | Learned a level 1 spell: Beastly Appendage
  1735 | D:2      | Reached skill level 4 in Spellcasting
  1891 | D:2      | Reached XP level 4. HP: 29/31 MP: 0/0
  2059 | D:2      | Noticed Sigmund
  2069 | D:2      | Killed by miscasting Hailstorm

Illustrated notes

Levels and vault maps discovered:
D:1:      arrival_aquarium_a, layout_basic, serial_bayou, serial_bayou_shore_a,
          serial_bayou_pond_e, serial_bayou_lagoon_a, serial_bayou_lagoon_b,
          hex_intersection, hangedman_abyss_or_decor_lesser_grid
D:2:      layout_rooms, chequers_serial_rivers_large_b, uniq_sigmund

Skill      XL: |  1  2  3 |
---------------+----------+-----
Spellcasting   | 4 |  4.3
Fighting       | |  0.2
Dodging        | |  2.3
Stealth        | |  1.5
Unarmed Combat | |  0.1

Action                   |  1- 3 |  4- 6 || total
-------------------------+-------+-------++-------
Melee: Unarmed           |     3 |       ||     3
 Cast: Freeze            |    45 |    12 ||    57
       Ozocubu's Armour  |       |     1 ||     1
       Beastly Appendage |       |     1 ||     1
       Hailstorm         |       |     1 ||     1
       Frozen Ramparts   |       |     1 ||     1
Armor: Robe              |     2 |       ||     2
Dodge: Dodged            |    23 |     9 ||    32
